 Dungeon Crawl Stone Soup version 0.28.0-43-g3370ac3207 (webtiles) character file.

Game seed: 7028883980165141862

816 cbfl8 the Slasher (level 7, -9/60 (62) HPs)
             Began as a Minotaur Delver on Mar 10, 2022.
             Mangled by a wight
             ... wielding a +2 mace
              (11 damage)
             ... on level 4 of the Dungeon.
             The game lasted 00:07:51 (5336 turns).

cbfl8 the Slasher (Minotaur Delver)                 Turns: 5336, Time: 00:07:51

HP:   -9/60 (62)    AC: 13    Str: 17    XL:     7   Next: 62%
MP:   6/6           EV:  8    Int:  7    God:
Gold: 230           SH:  0    Dex: 20    Spells: 6/6 levels left

rFire   . . .      SeeInvis +   h - +5 long sword "Pamiu" {venom, *Rage rElec rPois Dex+7}
rCold   . . .      Faith    .   (no shield)
rNeg    . . .      Spirit   .   i - +0 chain mail
rPois   +          Reflect  .   (helmet restricted)
rElec   +          Harm     .   x - +0 cloak
rCorr   .          Rampage  .   p - +2 pair of gloves
Will    .....      Rage     20% (no boots)
Stlth   ..........              (no amulet)
HPRegen 0.20/turn               d - ring of see invisible
MPRegen 0.10/turn               (no ring)

@: on berserk cooldown, slowed, lightly drained, very slow
A: horns 2, retaliatory headbutt
a: no special abilities


You were on level 4 of the Dungeon.
You visited 1 branch of the dungeon, and saw 5 of its levels.

You collected 230 gold pieces.

Inventory:

Hand Weapons
 a - a +0 hand axe
 h - the +5 long sword "Pamiu" (weapon) {venom, *Rage rElec rPois Dex+7}
   (You found it on level 5 of the Dungeon)

   It poisons the flesh of those it strikes.
   Dex:       It affects your dexterity (+7).
   rElec:     It insulates you from electricity.
   rPois:     It protects you from poison.
   *Rage:     It berserks you when you make melee attacks (+20% chance).
 q - a +0 hand crossbow
 w - a +2 quarterstaff of chaos
Missiles
 r - 49 bolts
Armour
 b - a +0 leather armour
 i - a +0 chain mail (worn)
 p - a +2 pair of gloves (worn)
 x - a +0 cloak (worn)
Jewellery
 d - a ring of see invisible (left hand)
 o - a ring of see invisible
Wands
 g - a wand of digging (7)
Scrolls
 c - a scroll of fog
 e - 4 scrolls of fear
 j - a scroll of vulnerability
 n - a scroll of noise
 s - a scroll of amnesia
 t - a scroll of enchant armour
 u - a scroll of teleportation
 y - a scroll of blinking
Potions
 f - a potion of haste
 l - a potion of berserk rage {unknown}
 m - a potion of degeneration {unknown}
 v - a potion of invisibility {unknown}
 z - a potion of heal wounds {unknown}


   Skills:
 + Level 5.7 Fighting
 + Level 5.9 Long Blades
 + Level 2.7 Axes
 + Level 3.8 Armour
 + Level 2.8 Dodging
 + Level 5.6 Stealth


You had 6 spell levels left.
You didn't know any spells.
Your spell library contained the following spells:

 Spells                   Type           Power      Damage    Failure   Level
 Foxfire                  Conj/Fire      0%         2x1d4     100%        1
 Conjure Flame            Conj/Fire      0%         6-21      100%        3
 Inner Flame              Hex/Fire       0%         N/A       100%        3
 Flame Wave               Conj/Fire      0%         2d4       100%        4


Dungeon Overview and Level Annotations

Branches:
Dungeon (5/15)
 Temple: D:4-7

Altars:

Annotations:
D:4 3 runed translucent doors, cookedgoose's ghost, novice FoEE


Innate Abilities, Weirdness & Mutations

You have a pair of horns on your head.
You reflexively headbutt those who attack you in melee.


Message History

You feel drained.
You closely miss the wight.
The wight is moderately damaged.
The wight barely misses you. You furiously retaliate!
You headbutt the wight, but do no damage.
The wight hits you but does no damage. x3
You slash the wight!
You destroy the wight!
The wight misses you. The wight hits you but does no damage.
Your life force feels restored.
The wight hits you but does no damage.
Things that are here:
a +4 halberd; a +0 robe You barely miss the wight.
The wight hits you with a +2 mace. The wight barely misses you.
You slash the wight!
The wight is heavily damaged.
The wight barely misses you.
You closely miss the wight. Your headbutt misses the wight.
The wight is heavily damaged.
The wight hits you with a +2 mace.
* * * LOW HITPOINT WARNING * * *
You feel drained. The wight hits you with a +2 mace.
* * * LOW HITPOINT WARNING * * *
You barely miss the wight.
The wight is heavily damaged.
The wight hits you with a +2 mace.
* * * LOW HITPOINT WARNING * * *
The wight hits you with a +2 mace.
* * * LOW HITPOINT WARNING * * *
You feel drained.
* * * LOW HITPOINT WARNING * * *
You hit the wight.
The wight is severely damaged.
The wight hits you with a +2 mace.
* * * LOW HITPOINT WARNING * * *
You hit the wight but do no damage. Your headbutt misses the wight.
The wight is severely damaged.
The wight hits you with a +2 mace!
You die...

#...........#.....#
#...........'.....#
###...>.......#######
#.....##'##.........#
#.....'...#.........#
#....>#...#.........#
+.....#...#.........#
#.....#...#...))....#
#.....#####....)@...#
..........###'##z....#
.......... ....#.....#
..........#....#.....#
..........######.....#
######..... ......#
.....#.... ........
.....# ... .......#
..†..# ..


You could see a wight.

Vanquished Creatures
  A necrophage (D:4)
  2 phantoms
  A jelly (D:3)
  A scorpion (D:4)
  4 wights (D:4)
  An orc priest (D:4)
  A hound (D:4)
  Crazy Yiuf (D:2)
  3 iguanas
  A mummy (D:4)
  5 adders
  An ufetubus (D:5)
  A worm (D:2)
  5 dart slugs
  7 orcs
  5 ball pythons
  4 bats
  3 endoplasms
  A giant cockroach (D:2)
  4 goblins
  8 hobgoblins
  3 jackals (D:1)
  2 quokkas
  3 frilled lizards
  3 kobolds
  5 rats
76 creatures vanquished.

Vanquished Creatures (others)
  3 plants (D:3)
3 creatures vanquished.

Grand Total: 79 creatures vanquished

Notes
Turn   | Place    | Note
-------+----------+-------------------------------------------
     0 | D:5      | cbfl8 the Minotaur Delver began the quest for the Orb.
     0 | D:5      | Reached XP level 1. HP: 19/19 MP: 0/0
     6 | D:5      | Identified the +5 long sword "Pamiu" {venom, *Rage rElec
                  | rPois Dex+7}
    14 | D:5      | Noticed a black bear
   179 | D:5      | Reached XP level 2. HP: 27/27 MP: 1/1
   291 | D:5      | Reached XP level 3. HP: 6/33 MP: 2/2
   672 | D:5      | Noticed a phantom
   691 | D:5      | Killed a phantom
   692 | D:5      | Reached skill level 1 in Long Blades
   692 | D:5      | Reached skill level 1 in Armour
   692 | D:5      | Reached skill level 5 in Stealth
   692 | D:5      | Reached XP level 4. HP: 39/40 MP: 3/3
   809 | D:5      | Reached XP level 5. HP: 43/47 MP: 4/4
  1055 | D:4      | Noticed a necrophage
  1065 | D:4      | Killed a necrophage
  1125 | D:4      | Noticed a phantom
  1612 | D:3      | Reached XP level 6. HP: 53/53 MP: 5/5
  1635 | D:3      | Found a faded altar of an unknown god.
  2512 | D:2      | You fall into a shaft and drop 2 floors!
  2532 | D:4      | Found a runed translucent gate.
  2535 | D:4      | Found a runed translucent gate.
  2535 | D:4      | Found a runed translucent gate.
  2536 | D:4      | Noticed cookedgoose's ghost (novice FoEE)
  2537 | D:4      | Identified the +0 chain mail "Luqui" {-Tele rCorr Str+10
                  | Dex-4}
  2630 | D:4      | Reached skill level 5 in Fighting
  3187 | D:2      | Found a runed translucent door.
  3188 | D:2      | Noticed Crazy Yiuf
  3192 | D:2      | Killed Crazy Yiuf
  4924 | D:3      | Reached XP level 7. HP: 47/61 MP: 6/6
  5321 | D:4      | Reached skill level 5 in Long Blades
  5334 | D:4      | HP: 2/60 [wight/+2 mace (2)]
  5336 | D:4      | Mangled by a wight

Illustrated notes

Levels and vault maps discovered:
D:1:      lordsloth_arrival_two_stooges, layout_basic
D:2:      layout_basic, amcnicky_mini_pool_small, minmay_misc_feat_more_columns,
          due_unseen_surprise, uniq_crazy_yiuf_cottage
D:3:      layout_basic, shapermc_ecumenical_altar_mp_ritualfount, fountainhead,
          grunt_decor_arrowhead
D:4:      layout_gridville, temple_hall, biasface_ghost_orc_armoury,
          gup_ossuary_entry_pyramid
D:5:      layout_basic, nicolae_shop_self_help, uniq_sigmund

Skill      XL: |  1  2  3  4  5  6  7 |
---------------+----------------------+-----
Fighting       | 4 5 |  5.7
Long Blades    | 1 2 4 5 |  5.9
Armour         | 1 2 3 |  3.8
Stealth        | 5 |  5.6
Axes           | |  2.7
Dodging        | |  2.8

Action                   |  1- 3 |  4- 6 |  7- 9 || total
-------------------------+-------+-------+-------++-------
Melee: Long sword        |    15 |    92 |    37 ||   144
       Headbutt          |     4 |    20 |     7 ||    31
       Punch             |       |     1 |       ||     1
Evoke: Wand              |       |     1 |       ||     1
  Use: Scroll            |     1 |     2 |     4 ||     7
Armor: Leather armour    |     1 |       |       ||     1
       Chain mail        |     6 |    50 |    17 ||    73
Dodge: Dodged            |     8 |    51 |    14 ||    73
